 Dungeon Crawl Stone Soup version 0.29.1-15-g9cfb28693d (webtiles) character file.

Game seed: 3354764940643376731

109 BuddhaDhamma the Chopper (level 4, 0/39 HPs)
             Began as a Minotaur Berserker on Mar 8, 2023.
             Was a Believer of Trog.
             Slain by a gnoll
             ... wielding a +0 spear
              (3 damage)
             ... on level 2 of the Dungeon.
             The game lasted 00:03:05 (2209 turns).

BuddhaDhamma the Chopper (Minotaur Berserker)       Turns: 2209, Time: 00:03:05

Health: 0/39       AC:  5    Str: 23    XL:     4   Next: 60%
Magic:  3/3        EV: 11    Int:  4    God:    Trog [**....]
Gold:   127        SH:  0    Dex: 10    Spells: 3/3 levels left

rFire   . . .      SeeInvis .   s - +0 war axe
rCold   . . .      Faith    .   (no shield)
rNeg    . . .      Spirit   .   a - +0 ring mail
rPois   .          Reflect  .   p - +0 hat
rElec   .          Harm     .   (no cloak)
rCorr   .          Rampage  .   (no gloves)
Will    .....                   (no boots)
Stlth   ..........              (no amulet)
HPRegen 0.13/turn               (no ring)
MPRegen 0.08/turn               (no ring)

@: no status effects
A: horns 2, retaliatory headbutt
a: Renounce Religion, Berserk, Trog's Hand


You were on level 2 of the Dungeon.
You worshipped Trog.
Trog was pleased with you.
You visited 1 branch of the dungeon, and saw 2 of its levels.

You collected 127 gold pieces.

Inventory:

Hand Weapons
 s - a +0 war axe (weapon)
Missiles
 k - 7 poisoned darts (quivered)
Armour
 a - a +0 ring mail (worn)
 p - a +0 hat (worn)
Scrolls
 e - a scroll of silence {unknown}
 f - a scroll of identify {unknown}
 h - a scroll of torment {unknown}
 i - a scroll of enchant weapon {unknown}
 j - a scroll of summoning {unknown}
 m - a scroll of magic mapping {unknown}
 n - a scroll of teleportation {unknown}
 o - a scroll of amnesia {unknown}
 q - a scroll of noise {unknown}
Potions
 c - a potion of heal wounds {unknown}
 d - a potion of attraction {unknown}
 g - a potion of might {unknown}
 l - a potion of flight {unknown}
 r - 2 potions of magic {unknown}


   Skills:
 - Level 3.6 Fighting
 + Level 6.5 Axes
 - Level 2.4 Armour
 - Level 2.1 Dodging


You had 3 spell levels left.
You didn't know any spells.
Your spell library was empty.

Dungeon Overview and Level Annotations

Branches:
Dungeon (2/15)

Altars:


Innate Abilities, Weirdness & Mutations

You have a pair of horns on your head.
You reflexively headbutt those who attack you in melee.


Message History

You finish taking off your +0 animal skin.
You start putting on your armour.
You continue putting on your +0 ring mail. x5
You finish putting on your +0 ring mail.
You drop a +0 animal skin.
Things that are here:
a +0 whip; 5 stones Done exploring.
A gnoll comes into view. It is wielding a +0 flail.
The gnoll shouts!
You hear a shout! x2
A gnoll comes into view. It is wielding a +0 halberd.
You can't go down here!
The gnoll throws a stone.
The stone hits you. The gnoll misses you.
You closely miss the gnoll. You headbutt the gnoll!
The gnoll is almost dead.
The gnoll hits you with a +0 flail. The gnoll barely misses you.
You barely miss the gnoll. Your headbutt misses the gnoll.
Your punch misses the gnoll.
The gnoll is almost dead.
The gnoll hits you with a +0 flail. The gnoll completely misses you.
You are too injured to fight recklessly!
The gnoll hits you with a +0 flail. The gnoll barely misses you.
The gnoll hits you with a +0 flail. The gnoll misses you.
The gnoll throws a stone.
The stone misses you. The gnoll hits you but does no damage.
The gnoll barely misses you.
A gnoll comes into view. It is wielding a +0 spear.
You slash the gnoll!
You kill the gnoll!
Trog accepts your kill.
The gnoll hits you from afar with a +0 halberd!
* * * LOW HITPOINT WARNING * * *
The gnoll hits you but does no damage.
Things that are here:
a +0 flail; 5 stones The gnoll hits you with a +0 halberd.
* * * LOW HITPOINT WARNING * * *
The gnoll hits you from afar with a +0 spear.
You die...

#...####.##......#....#.# #<#
#.....##.#######.#..#.#.# #.#
#.............##.##.#.#.# #.#
#.....#.......##......#.# #†#
#.....#.......#####.###.# #.#
#.....#>......#.....)...# #.#
#.....#..........g##.########.##
.........#......g.##.#.........#
.####..........)@....#.#########
.##........####.#.####.#
..#........####.#.####.#
..#......)....#.#....#.#
..#.....†.....#.####.#.#
..###...........# #.#.#
..............### #.#.#
..............#.####.#.#
..............#......#.#


You could see 2 gnolls.

Vanquished Creatures
  A gnoll (D:2)
  4 adders (D:2)
  A worm (D:2)
  3 orcs (D:2)
  5 ball pythons
  4 endoplasms
  2 giant cockroaches (D:2)
  7 goblins
  6 hobgoblins
  10 kobolds
  3 quokkas
  5 bats
  2 frilled lizards (D:1)
  5 rats
58 creatures vanquished.

Vanquished Creatures (others)
  3 plants (D:1)
3 creatures vanquished.

Grand Total: 61 creatures vanquished

Notes
Turn   | Place    | Note
-------+----------+-------------------------------------------
     0 | D:1      | BuddhaDhamma the Minotaur Berserker began the quest for the
                  | Orb.
     0 | D:1      | Reached XP level 1. HP: 19/19 MP: 0/0
   190 | D:1      | Reached skill level 4 in Axes
   216 | D:1      | Reached XP level 2. HP: 19/26 MP: 1/1
   550 | D:1      | Found a faded altar of an unknown god.
   766 | D:1      | Reached ** piety under Trog
   925 | D:1      | Reached skill level 5 in Axes
  1014 | D:2      | Reached XP level 3. HP: 31/31 MP: 2/2
  1368 | D:2      | Reached skill level 6 in Axes
  1368 | D:2      | Reached XP level 4. HP: 32/39 MP: 3/3
  2209 | D:2      | Slain by a gnoll

Illustrated notes

Levels and vault maps discovered:
D:1:      lemuel_arrival_hallway, layout_basic,
          shapermc_ecumenical_altar_totnotflames, serial_bayou_lagoon_a,
          minmay_fountain_box, minmay_tetromino_i2
D:2:      layout_basic, guppyfry_early_orc_mine

Skill      XL: |  1  2  3 |
---------------+----------+-----
Axes           | 4 5 6 |  6.5
Fighting       | |  3.6
Armour         | |  2.4
Dodging        | |  2.1

Action                   |  1- 3 |  4- 6 || total
-------------------------+-------+-------++-------
Melee: Hand axe          |    74 |    14 ||    88
       Headbutt          |     8 |     5 ||    13
       War axe           |       |    16 ||    16
       Punch             |       |     1 ||     1
Invok: Berserk           |       |     1 ||     1
 Stab: Sleeping          |     1 |       ||     1
Armor: Animal skin       |    10 |     3 ||    13
       Ring mail         |       |     2 ||     2
Dodge: Dodged            |    56 |    22 ||    78
